 Dungeon Crawl Stone Soup version 0.23.2-33-g5129a83184 (webtiles) character file.

Game seed: 15841859927566997594

730 MalarOregon the Chiller (level 7, -1/54 HPs)
             Began as a Merfolk Ice Elementalist on Aug 6, 2019.
             Slain by an ogre
             ... wielding a +0 giant spiked club
              (17 damage)
             ... on level 5 of the Dungeon.
             The game lasted 00:15:18 (6144 turns).

MalarOregon the Chiller (Merfolk Ice Elementalist)  Turns: 6144, Time: 00:15:19

Health: -1/54      AC:  7    Str:  8    XL:     7   Next: 73%
Magic:  0/13       EV: 12    Int: 16    God:
Gold:   144        SH:  4    Dex: 15    Spells: 8/14 levels left

rFire    . . .     SeeInvis .   t - +0 trident
rCold    + . .     Gourm    .   (no shield)
rNeg     . . .     Faith    .   h - +2 leather armour {rC+}
rPois    .         Spirit   +   v - +1 helmet
rElec    .         Reflect  +   k - scarf {Spirit}
rCorr    .         Harm     .   (no gloves)
MR       .....                  (no boots)
Stlth    ++........             n - +4 amulet of reflection
HPRegen  0.18/turn              (no ring)
MPRegen  0.13/turn              (no ring)

@: drained
A: change form in water, swift swim, stealthy swim
a: no special abilities


You were on level 5 of the Dungeon.
You were not hungry.

You visited 1 branch of the dungeon, and saw 5 of its levels.

You collected 144 gold pieces.

Inventory:

Hand Weapons
 t - a +0 trident (weapon)
   (You took it off an orc on level 3 of the Dungeon)
Missiles
 w - a throwing net (quivered) {!f}
Armour
 h - a +2 leather armour of cold resistance (worn)
   (You took it off a kobold on level 1 of the Dungeon)
 k - a scarf of spirit shield (worn)
   (You found it on level 1 of the Dungeon)
 v - a +1 helmet (worn)
   (You found it on level 3 of the Dungeon)
 x - a +0 large shield
   (You found it on level 4 of the Dungeon)
Jewellery
 l - a +2 ring of dexterity
   (You took it off a hobgoblin on level 3 of the Dungeon)
 n - a +4 amulet of reflection (around neck)
   (You found it on level 1 of the Dungeon)
 r - an uncursed amulet of guardian spirit
   (You found it on level 2 of the Dungeon)
Wands
 g - a wand of polymorph (1)
   (You took it off Dowan on level 4 of the Dungeon)
Scrolls
 c - 4 scrolls of teleportation {@r4}
 f - a scroll of amnesia
 o - 2 scrolls of blinking
 s - a scroll of magic mapping
 u - a scroll of noise {!r}
Potions
 a - 3 potions of curing {@q1}
 b - a potion of might {unknown}
 d - a potion of lignification {!q}
 i - a potion of invisibility
 j - a potion of magic {unknown}
 m - a potion of berserk rage
Comestibles
 e - 11 rations {!d}
 p - a chunk of flesh


   Skills:
 + Level 4.2(3.3) Fighting
 + Level 5.0(4.1) Polearms
 - Level 2.6(1.8) Dodging
 - Level 2.1(1.3) Stealth
 + Level 1.8(1.0) Shields
 + Level 4.1(3.2) Spellcasting
 - Level 0.7(0.0) Conjurations
 + Level 5.5(4.5) Ice Magic


You had 8 spell levels left.
You knew the following spells:

 Your Spells              Type           Power        Failure   Level  Hunger
a - Freeze                Ice            ###.         4%          1    None
b - Ozocubu's Armour      Chrm/Ice       #.......     30%         3    ###....
x - Throw Frost           Conj/Ice       #.....       16%         2    ##.....

Your spell library contained the following spells:

 Spells                   Type           Power        Failure   Level  Hunger
 Summon Ice Beast         Ice/Summ       #.......     71%         4    ####...
 Throw Icicle             Conj/Ice       #.......     71%         4    ####...


Dungeon Overview and Level Annotations

Branches:
Dungeon (5/15)
 Temple: D:4-7

Altars:
Elyvilon
Kikubaaqudgha
Okawaru


Message History

Attack whom?
Aim: a gnoll, wielding a +0 spear (heavily wounded)
You reach to attack!
You hit the gnoll. The gnoll closely misses you.
Attack whom?
Aim: a gnoll, wielding a +0 spear (severely wounded)
You reach to attack!
You barely miss the gnoll. The gnoll barely misses you.
Attack whom?
Aim: a gnoll, wielding a +0 spear (severely wounded)
You reach to attack!
You hit the gnoll.
You kill the gnoll!
No target in view!
No target in view!
Things that are here:
a +0 halberd; a gnoll skeleton You open the door.
An adder skeleton comes into view.
Found 12 gold pieces.
There is an open door here.
An adder skeleton is nearby!
Attack whom?
Aim: an adder skeleton You reach to attack!
You hit the adder skeleton. You closely miss the adder skeleton.
The adder skeleton barely misses you.
You puncture the adder skeleton! The adder skeleton bites you.
You hit the adder skeleton. The adder skeleton bites you.
The adder skeleton barely misses you.
You barely miss the adder skeleton. The adder skeleton misses you.
You hit the adder skeleton.
You destroy the adder skeleton!
No target in view!
An ogre comes into view. It is wielding a +0 giant spiked club.
An ogre is nearby!
An ogre is nearby!
You see here 12 gold pieces.
You barely miss the ogre. The ogre closely misses you.
You hit the ogre. The ogre barely misses you.
You hit the ogre. You hit the ogre.
The ogre hits you with a +0 giant spiked club!!
You hit the ogre. The ogre closely misses you.
You hit the ogre.
The ogre hits you with a +0 giant spiked club!!
* * * LOW HITPOINT WARNING * * *
There is an open door here.
Things that are here:
a +0 halberd; a gnoll skeleton
There is a stone staircase leading up here.
There is a stone staircase leading up here.
The ogre hits you with a +0 giant spiked club!!
You die...

......##..# #####
##..#'##..#####...###
#..............#...#
#.......)........#.#
#.#.....).<###.#.#.#
#.#....#.### #.#.#.#
#.#....#.# ###.#.#
##.#....#.#######O#.#
......###.......@.#.#
##.################.#
#.....# #####.#
######'#####
.$.........#
...........#
...........#
.......#####


You could see an ogre.

Vanquished Creatures
  Edmund (D:4)
  Duvessa (D:4)
  Dowan (D:4)
  A scorpion (D:4)
  A crimson imp (D:5)
  An orc priest (D:3)
  Jessica (D:2)
  Terence (D:2)
  An orc wizard (D:3)
  8 adders
  7 gnolls
  2 oozes
  2 adder skeletons
  2 worms (D:2)
  A dart slug (D:2)
  2 leopard geckos
  15 orcs (D:3)
  7 bats
  6 giant cockroaches
  9 goblins
  12 hobgoblins
  4 jackals (D:3)
  2 quokkas (D:3)
  6 frilled lizards
  12 kobolds
  8 rats
114 creatures vanquished.

Notes
Turn   | Place    | Note
-------+----------+-------------------------------------------
     0 | D:1      | MalarOregon the Merfolk Ice Elementalist began the quest
                  | for the Orb.
     0 | D:1      | Reached XP level 1. HP: 13/13 MP: 3/3
   408 | D:1      | Reached XP level 2. HP: 20/20 MP: 3/5
   476 | D:1      | Learned a level 2 spell: Throw Frost
   494 | D:1      | Reached skill level 1 in Fighting
   855 | D:1      | Reached XP level 3. HP: 26/26 MP: 0/6
  1613 | D:2      | Reached skill level 1 in Polearms
  1841 | D:2      | Learned a level 3 spell: Ozocubu's Armour
  1943 | D:2      | Reached XP level 4. HP: 27/33 MP: 1/7
  2204 | D:2      | Found an iron altar of Okawaru.
  2531 | D:2      | Noticed Jessica
  2535 | D:2      | Killed Jessica
  2588 | D:2      | Reached XP level 5. HP: 29/39 MP: 5/9
  2808 | D:2      | Noticed Terence
  2936 | D:2      | Killed Terence
  3456 | D:3      | Reached XP level 6. HP: 30/47 MP: 7/10
  4089 | D:3      | Found an ancient bone altar of Kikubaaqudgha.
  4558 | D:4      | Found a white marble altar of Elyvilon.
  4745 | D:4      | Noticed Dowan
  4961 | D:4      | Noticed Duvessa
  4981 | D:4      | Killed Duvessa
  4981 | D:4      | Reached skill level 5 in Ice Magic
  4981 | D:4      | Reached XP level 7. HP: 38/53 MP: 0/12
  4993 | D:4      | Killed Dowan
  4993 | D:4      | Reached skill level 1 in Shields
  5612 | D:5      | Entered Level 5 of the Dungeon
  5648 | D:5      | Noticed Edmund
  5739 | D:4      | Killed Edmund
  5939 | D:4      | Reached skill level 5 in Polearms
  6144 | D:5      | Slain by an ogre

Skill      XL: |  1  2  3  4  5  6  7 |
---------------+----------------------+-----
Fighting       | 1 2 3 4 |  4.2
Polearms       | 1 2 3 4 5 |  5.0
Ice Magic      | 4 5 |  5.5
Spellcasting   | 3 4 |  4.1
Shields        | 1 |  1.8
Dodging        | |  2.6
Stealth        | |  2.1
Conjurations   | |  0.7

Action                   |  1- 3 |  4- 6 |  7- 9 || total
-------------------------+-------+-------+-------++-------
Melee: Unarmed           |     8 |       |       ||     8
       Dagger            |    23 |       |       ||    23
       Spear             |    59 |   106 |       ||   165
       Trident           |       |   134 |    65 ||   199
 Cast: Freeze            |    33 |    46 |    22 ||   101
       Throw Frost       |     1 |     7 |     3 ||    11
  Use: Scroll            |       |    13 |       ||    13
 Stab: Sleeping          |     2 |     6 |     1 ||     9
       Distracted        |       |     2 |       ||     2
  Eat: Chunk             |     4 |     9 |     2 ||    15
       Ration            |       |       |     1 ||     1
Armor: Leather armour    |    28 |    42 |    12 ||    82
       Skin              |       |       |     4 ||     4
Dodge: Dodged            |    62 |   114 |    43 ||   219
Block: Other             |       |     2 |    10 ||    12
